[Event "Late-Titled-Tuesday-Blitz-September-12-2023"]
[Site "Chess.com"]
[Date "2023.09.12"]
[Round "7"]
[White "Firouzja2003"]
[Black "platy3"]
[Result "1-0"]
[WhiteElo "3082"]
[BlackElo "2889"]
[TimeControl "180+1"]
[EndTime "15:13:45 PDT"]
[Termination "Firouzja2003 won by resignation"]

1. d4 Nf6 2. Bg5 d5 3. e3 c5 4. Bxf6 gxf6 5. dxc5 e6 6. Nf3 Bxc5 7. Be2 Nc6 8. O-O O-O 9. Nbd2 b6 10. c4 dxc4 11. Qa4 Bb7 12. Rad1 a6 13. Qxc4 Qe7 14. Qg4+ Kh8 15.
Qh5 Rg8 16. Ne4 Ne5 17. Nxe5 Bxe4 18. Bf3 Bxf3 19. Nxf3 Rad8 20. g3 Rd7 21. Rxd7 Qxd7 22. Qh6 Rg6 23. Qf4 Qd5 24. Nh4 Rg7 25. Qxf6 Kg8 26.
a3 a5 27. Qf3 Rg5 28. Rd1 Qxf3 29. Nxf3 Rf5 30. Kg2 Be7 31. a4 Bf6 32. b3 Rc5 33. Rd7 Rc3 34. Nd2 Rc2 35. Ne4 Be5 36. Rb7 Bc7 37. Nf6+ Kf8 38. Nd7+ Ke7 39. Nxb6 Kd6 40. Nc4+ Kc6 41. Rb5 1-0

[Event "Late-Titled-Tuesday-Blitz-September-12-2023"]
[Site "Chess.com"]
[Date "2023.09.12"]
[Round "7"]
[White "HansOnTwitch"]
[Black "Zhigalko_Sergei"]
[Result "1-0"]
[WhiteElo "3079"]
[BlackElo "2872"]
[TimeControl "180+1"]
[EndTime "15:13:45 PDT"]
[Termination "HansOnTwitch won on time"]

1. e4 c5 2. Nf3 Nc6 3. Bb5 Nf6 4. e5 Nd5 5. O-O Nc7 6. Bc4 g6 7.
c3 Bg7 8. d4 cxd4 9. cxd4 d5 10. Be2 O-O 11. h3 f6 12. exf6 exf6 13. Nc3 Be6 14.
Bf4 Rc8 15. Qb3 b6 16. Rac1 Bf7 17. Nb5 Na5 18. Qa3 Nxb5 19. Bxb5 Rxc1 20. Rxc1 Qa8 21. Qe7 a6 22. Bd7 Qd8 23. Qxd8 Rxd8 24. Rc7 g5 25. Bg3 h5 26. b3 h4 27. Bh2 Bf8 28. Nd2 Bb4 29. Nf1 Be8 30. Be6+ Kf8 31. Ne3 Nc6 32. Nf5 Ne7 33. Rb7 Nxf5 34. Bxf5 b5 35. Bc7 Ra8 36. Be6 Be7 37. Bxd5 Rc8 38. Be6 Ra8 39. d5 Bd8 40. Bd6+ 1-0

[Event "Late-Titled-Tuesday-Blitz-September-12-2023"]
[Site "Chess.com"]
[Date "2023.09.12"]
[Round "7"]
[White "PawnEatingZombie"]
[Black "chosenpr"]
[Result "0-1"]
[WhiteElo "2190"]
[BlackElo "2373"]
[TimeControl "180+1"]
[EndTime "15:13:45 PDT"]
[Termination "chosenpr won by resignation"]

1. e4 e5 2. Nf3 Nf6 3. Nxe5 d6 4. Nf3 Nxe4 5. d4 d5 6. Bd3 Be7 7. O-O O-O 8. Nc3 Nxc3 9. bxc3 Nd7 10. Re1 c6 11. c4 Nf6 12. h3 Re8 13. Bf4 Bb4 14. Rxe8+ Qxe8 15. Be5 Ne4 16. cxd5 cxd5 17. c4 Be6 18. c5 b6 19. c6 Qxc6 20. Rc1 Qe8 21. Rc7 Rc8 22. Qc2 Rxc7 23. Qxc7 h6 24. Qxa7 Qc6 25. Qb8+ Bf8 26. Qc7 Qa4 27. Qxb6 Qxa2 28. Qd8 Qxf2+ 29. Kh2 Qe3 30. Bd6 Nxd6 31. Bh7+ Kxh7 32.
Qxf8 Qf4+ 33. Kg1 Ne4 34. Ne5 Qg5 35. Nxf7 Qc1+ 36. Kh2 Qf4+ 0-1

[Event "Late-Titled-Tuesday-Blitz-September-12-2023"]
[Site "Chess.com"]
[Date "2023.09.12"]
[Round "7"]
[White "simplerXiao"]
[Black "jk13"]
[Result "1-0"]
[WhiteElo "2529"]
[BlackElo "2663"]
[TimeControl "180+1"]
[EndTime "15:13:47 PDT"]
[Termination "simplerXiao won by resignation"]

1. e4 e5 2. Bc4 Nf6 3. Nc3 Nc6 4. d3 Bb4 5. f4 d5 6. exd5 Nxd5 7.
Ne2 Nxc3 8. bxc3 Bc5 9. Qd2 O-O 10. Bb2 exf4 11. d4 Bd6 12. O-O Qg5 13. Nxf4 Na5 14.
Bd3 Bf5 15. c4 Bxd3 16. cxd3 Nc6 17. Qf2 Rae8 18. d5 Ne5 19. h3 b6 20. Rac1 Ng6 21.
Ne2 Nh4 22. Kh1 Re7 23. Ng1 Bg3 24. Qc2 Rfe8 25. Rcd1 Nf5 26. Bc1 Qg6 27. d4 Bd6 28. Qxf5 Qxf5 29. Rxf5 Re1 30. Rf1 R1e4 31. Nf3 Bg3 32.
Bd2 f6 33. Be1 Bf4 34. Bf2 g5 35. Rfe1 Kf7 36. Rxe4 Rxe4 37. Re1 Rxe1+ 38. Nxe1 h5 39. Kg1 Bd2 40. Kf1 Kg6 41. Ke2 Bb4 42. Nc2 Bd6 43.
c5 Bh2 44. Kd3 f5 45. Kc4 h4 46. d6 cxd6 47. c6 Kf7 48. Kd5 Ke7 49. Ne3 f4 50. Nf5+ Kd8 51. Nxd6 1-0

[Event "Late-Titled-Tuesday-Blitz-September-12-2023"]
[Site "Chess.com"]
[Date "2023.09.12"]
[Round "7"]
[White "Chaos_Magic"]
[Black "Miguelitro69"]
[Result "1-0"]
[WhiteElo "2409"]
[BlackElo "2283"]
[TimeControl "180+1"]
[EndTime "15:13:47 PDT"]
[Termination "Chaos_Magic won by resignation"]

1. d4 d5 2. Nf3 Nf6 3. c4 e6 4. Nc3 c6 5. e3 Nbd7 6. Qc2 Bd6 7.
Bd3 O-O 8. Bd2 Re8 9. O-O e5 10. cxd5 Nxd5 11. Bxh7+ Kh8 12. Be4 exd4 13. Nxd5 cxd5 14.
Bxd5 Qf6 15. exd4 Nb6 16. Bg5 Bf5 17. Qd2 Qg6 18. Bxb7 Rab8 19. Ba6 Be4 20. Nh4 Qh5 21. g3 Nd5 22. f3 Bh7 23. Bc4 f6 24. Bxd5 fxg5 25.
Ng2 g4 26. Bc6 Red8 27. Nf4 Qh6 28. Be4 gxf3 29. Bxh7 Qxh7 30. Rxf3 Be5 31. Ne6 Rd6 32. Nf8 Qe4 33. Qg2 Bxd4+ 34. Kh1 Rf6 35. Rxf6 Qxg2+ 36. Kxg2 gxf6 37. Ng6+ Kg7 38. Nf4 Rxb2+ 39. Kf3 Rxh2 40.
Ne6+ Kf7 41. Nxd4 Rd2 42. Ne2 Rd3+ 43. Kf2 Ke6 44. a4 1-0

[Event "Late-Titled-Tuesday-Blitz-September-12-2023"]
[Site "Chess.com"]
[Date "2023.09.12"]
[Round "7"]
[White "vi_pranav"]
[Black "angryspacevoid"]
[Result "1-0"]
[WhiteElo "2992"]
[BlackElo "2572"]
[TimeControl "180+1"]
[EndTime "15:13:48 PDT"]
[Termination "vi_pranav won by resignation"]

1. e4 e5 2. Nf3 Nc6 3. Bb5 Nf6 4. d3 Bc5 5. c3 Qe7 6. O-O O-O 7. d4 Bb6 8. Re1 d6 9. h3 Bd7 10. Na3 Rad8 11. Bg5 h6 12. Bh4 g5 13. Nxg5 hxg5 14. Bxg5 exd4 15. Bxc6 bxc6 16. cxd4 Qe6 17. e5 Nd5 18.
Bxd8 Rxd8 19. exd6 Qg6 20. dxc7 Bxc7 21. Qf3 Kh8 22.
Nc4 f6 23. Re4 Rg8 24. Rh4+ Kg7 25. Re1 Kf8 26. g3 f5 27. Qa3+ Kg7 28. Re7+ Nxe7 29. Qxe7+ Qf7 30. Rh7+ Kxh7 31. Qxf7+ Rg7 32. Qh5+ Kg8 33.
Ne5 Bxe5 34. dxe5 f4 35. e6 fxg3 36. exd7 gxf2+ 37. Kxf2 1-0

[Event "Late-Titled-Tuesday-Blitz-September-12-2023"]
[Site "Chess.com"]
[Date "2023.09.12"]
[Round "7"]
[White "Langua_Chess"]
[Black "FredddieCroderg"]
[Result "1-0"]
[WhiteElo "2485"]
[BlackElo "2329"]
[TimeControl "180+1"]
[EndTime "15:13:48 PDT"]
[Termination "Langua_Chess won on time"]

1. d4 d6 2. e4 e5 3. Nf3 exd4 4. Nxd4 Nf6 5. Nc3 Be7 6. Bc4 O-O 7. O-O Re8 8. h3 Bf8 9. Re1 Nbd7 10. a4 a5 11. Bg5 h6 12. Bh4 Ne5 13. Bb3 c6 14. Kh1 Bd7 15. f4 Ng6 16. Bg3 Qc7 17. Qd3 Nh5 18. Rf1 Nxg3+ 19. Qxg3 d5 20. exd5 Kh7 21. dxc6 Bxc6 22. Nxc6 bxc6 23. Qf3 Rab8 24. Rad1 Rb4 25. f5 Ne5 26. Qe2 Rbb8 27. f6 g6 28. Rde1 Bb4 29.
Qa6 Bxc3 30. bxc3 c5 31. Bc4 Rb6 32. Qxa5 Reb8 33. Bd5 1-0

[Event "Late-Titled-Tuesday-Blitz-September-12-2023"]
[Site "Chess.com"]
[Date "2023.09.12"]
[Round "7"]
[White "MikeSailer"]
[Black "Garmendiarov"]
[Result "0-1"]
[WhiteElo "2180"]
[BlackElo "2353"]
[TimeControl "180+1"]
[EndTime "15:13:48 PDT"]
[Termination "Garmendiarov won on time"]

1. d4 Nf6 2. Nc3 d5 3. Bf4 c5 4. e4 Nxe4 5. Nxe4 dxe4 6. dxc5 Qxd1+ 7. Rxd1 Nc6 8. Bb5 Bd7 9. Ne2 f6 10. a3 e5 11. Be3 f5 12. g3 Rc8 13. b4 Be7 14.
O-O g5 15. Nc3 f4 16. Bc1 a6 17. Ba4 Nd4 18. Bxd7+ Kxd7 19. Nxe4 Ke6 20. c3 Ne2+ 21.
Kg2 h5 22. Kf3 Nxc1 23. Rxc1 g4+ 24. Ke2 f3+ 25. Ke3 Rcd8 26. Rcd1 Rhe8 27. Rd3 Bf8 28. Rxd8 Rxd8 29. h4 gxh3 30. Kxf3 Kf5 0-1

[Event "Late-Titled-Tuesday-Blitz-September-12-2023"]
[Site "Chess.com"]
[Date "2023.09.12"]
[Round "7"]
[White "Nigerianprodigy"]
[Black "SEBAZZANO"]
[Result "1-0"]
[WhiteElo "2381"]
[BlackElo "2203"]
[TimeControl "180+1"]
[EndTime "15:13:48 PDT"]
[Termination "Nigerianprodigy won on time"]

1. e4 e6 2. d4 d5 3. e5 c5 4. c3 Nc6 5. Nf3 Qb6 6. a3 c4 7.
Be2 Bd7 8. O-O Na5 9. Qc2 Ne7 10.
Bg5 Nc8 11. Nbd2 Qc7 12. h3 Nb6 13. Bd1 Ba4 14. Qc1 Bxd1 15. Qxd1 Be7 16. Bxe7 Qxe7 17.
Nh2 O-O 18. f4 f5 19. exf6 Rxf6 20. Ng4 Rff8 21. Qe2 Rae8 22. g3 Nb3 23. Nxb3 cxb3 24. Rae1 Nc4 25. Kg2 Qd6 26. Rf3 g6 27. Qd3 a5 28. h4 b5 29. Rh1 b4 30. cxb4 axb4 31. h5 g5 32. fxg5 bxa3 33. Nf6+ Rxf6 34. gxf6 Rf8 35. f7+ Kh8 36. bxa3 b2 37. h6 Qe7 38. Qb3 Qg5 39. Qb4 Qd2+ 40. Qxd2 Nxd2 41. Rff1 b1=Q 42. Rxb1 Nxb1 43. Rxb1 1-0

[Event "Late-Titled-Tuesday-Blitz-September-12-2023"]
[Site "Chess.com"]
[Date "2023.09.12"]
[Round "7"]
[White "oskariot"]
[Black "Chessdreamer2020"]
[Result "1-0"]
[WhiteElo "2694"]
[BlackElo "2520"]
[TimeControl "180+1"]
[EndTime "15:13:49 PDT"]
[Termination "oskariot won on time"]

1. e4 d6 2. d4 Nf6 3. f3 d5 4. e5 Nfd7 5. f4 c5 6. c3 Nc6 7. a3 cxd4 8. cxd4 Nb6 9. Nc3 Bf5 10.
g4 Be4 11. Nxe4 dxe4 12. Ne2 Qd7 13. Bg2 Qxg4 14. Bxe4 Rd8 15. d5 Nxe5 16. Qb3 Nec4 17. a4 Nd6 18. Bf3 Qd7 19. Be3 g6 20. Bd4 Rg8 21. O-O Bg7 22. Bxg7 Rxg7 23. a5 Nbc8 24. Ng3 h5 25. Qc3 Rh7 26. Kh1 h4 27. Ne2 h3 28. Ng3 Rh4 29. Qg7 e6 30. Rae1 Ne7 31. dxe6 fxe6 32. f5 Ndxf5 33. Nxf5 1-0

[Event "Late-Titled-Tuesday-Blitz-September-12-2023"]
[Site "Chess.com"]
[Date "2023.09.12"]
[Round "7"]
[White "ChEsper99"]
[Black "ARTHURMOTIVATOR"]
[Result "0-1"]
[WhiteElo "2237"]
[BlackElo "2378"]
[TimeControl "180+1"]
[EndTime "15:13:51 PDT"]
[Termination "ARTHURMOTIVATOR won on time"]

1. e4 e5 2. Nf3 Nc6 3. Bc4 Nf6 4. d3 Bc5 5. O-O a6 6. a4 Ba7 7. Re1 d6 8. c3 h6 9. Be3 Bxe3 10. Rxe3 O-O 11. d4 Nxe4 12. Rxe4 d5 13. Re1 dxc4 14. Nxe5 Nxe5 15. Rxe5 f6 16. Re1 Bf5 17. Nd2 b5 18.
Qf3 Bd3 19. Qc6 Rb8 20. axb5 axb5 21. Ra7 Rf7 22. Ne4 Kh7 23. Nc5 Rb6 24. Qe8 Qxe8 25. Rxe8 b4 26. h4 bxc3 27. bxc3 Kg6 28. g4 h5 29.
gxh5+ Kxh5 30. Rh8+ Kg4 31. Na6 Kf3 32. Rxc7 Rb1+ 33.
Kh2 Rxc7 34. Nxc7 Kxf2 35. Kh3 Bf5+ 36. Kh2 Be4 0-1

[Event "Late-Titled-Tuesday-Blitz-September-12-2023"]
[Site "Chess.com"]
[Date "2023.09.12"]
[Round "7"]
[White "AlexNovitz"]
[Black "tactic"]
[Result "0-1"]
[WhiteElo "2166"]
[BlackElo "2599"]
[TimeControl "180+1"]
[EndTime "15:13:51 PDT"]
[Termination "tactic won on time"]

1. e4 c5 2. Nf3 Nc6 3. d4 cxd4 4. Nxd4 Nf6 5. Nc3 e5 6. Ndb5 d6 7. Bg5 a6 8. Na3 b5 9. Nd5 Be7 10. Bxf6 Bxf6 11. c4 b4 12. Nc2 O-O 13. g3 a5 14.
b3 Be6 15. Bg2 g6 16. O-O Bg7 17. Nce3 Nd4 18. Qd3 f5 19. f4 fxe4 20. Bxe4 Bh3 21. Rfe1 exf4 22. Nxf4 Bd7 23. Bxa8 Qxa8 24. Ned5 Kh8 25.
Rad1 Bg4 26. Re7 Nf3+ 27. Kh1 Ne5 28. Qd2 Qc8 29. Re1 g5 30. Ng2 Nf3 31. Qe3 Nxe1 32. Nxe1 Bh3 33. Nf3 g4 34. Qg5 Rg8 35. Nf6 Qc6 36. Nd5 gxf3 37. Qh4 Bg2+ 38. Kg1 h6 0-1

[Event "Late-Titled-Tuesday-Blitz-September-12-2023"]
[Site "Chess.com"]
[Date "2023.09.12"]
[Round "7"]
[White "McCarthyStone"]
[Black "Vadim_Biliy"]
[Result "0-1"]
[WhiteElo "2475"]
[BlackElo "2214"]
[TimeControl "180+1"]
[EndTime "15:13:51 PDT"]
[Termination "Vadim_Biliy won on time"]

1. e4 d6 2. d4 Nf6 3. Bd3 e5 4. c3 d5 5. dxe5 Nxe4 6. Nf3 Nc5 7. Bc2 Nc6 8. O-O Be7 9. Nbd2 O-O 10. Re1 f6 11. Nb3 fxe5 12. Nxe5 Ne4 13. Nxc6 bxc6 14. Be3 Bd6 15. Nd4 Qh4 16. Bxe4 Bxh2+ 17. Kf1 dxe4 18. Nxc6 Ba6+ 19. Re2 Bg3 20. Ke1 Bxe2 21. Kxe2 Bd6 22. Qd5+ Kh8 23. g3 Qg4+ 24. Kd2 Rae8 25. Rh1 Rf5 26.
Qd4 Qf3 27. Kc2 Qxh1 28. Qa4 Qf3 29. Ne5 Qe2+ 30. Kb3 Rfxe5 31. Bd4 Qd1+ 32. Kc4 Qxa4+ 0-1

[Event "Late-Titled-Tuesday-Blitz-September-12-2023"]
[Site "Chess.com"]
[Date "2023.09.12"]
[Round "7"]
[White "Inepton_Fermion"]
[Black "CrushingKings"]
[Result "0-1"]
[WhiteElo "2366"]
[BlackElo "2517"]
[TimeControl "180+1"]
[EndTime "15:13:53 PDT"]
[Termination "CrushingKings won on time"]

1. Nf3 g6 2. e4 Bg7 3. d4 c6 4.
h3 d5 5. e5 f6 6. exf6 Nxf6 7.
Bd3 O-O 8. O-O Qd6 9. c3 Nbd7 10. Re1 Nh5 11. Bg5 e5 12. dxe5 Nxe5 13. Nxe5 Bxe5 14. Bh6 Bd7 15. Bxf8 Rxf8 16. Be2 Qc5 17. Bf3 Bg7 18. Nd2 Nf4 19. Nb3 Qd6 20. Nd4 Kh8 21. a4 a6 22.
a5 c5 23. Nc2 d4 24. cxd4 cxd4 25. Qd2 Nxh3+ 26. gxh3 Rxf3 27. Ra3 Rf8 28. Qb4 Qf4 29. Rf1 Bc6 30. Rg3 Qe4 31. Kh2 Qxc2 32. Qe7 Rxf2+ 33.
Kg1 Rg2+ 34. Kh1 Rxg3+ 35. Qe4 Bxe4+ 0-1

[Event "Late-Titled-Tuesday-Blitz-September-12-2023"]
[Site "Chess.com"]
[Date "2023.09.12"]
[Round "7"]
[White "Bodhanas"]
[Black "emeli_chess"]
[Result "0-1"]
[WhiteElo "1880"]
[BlackElo "2377"]
[TimeControl "180+1"]
[EndTime "15:13:54 PDT"]
[Termination "emeli_chess won by resignation"]

1. d4 Nf6 2. Nf3 d5 3. Bf4 c5 4. c3 Nc6 5. e3 Qb6 6. Qc1 Bf5 7. Nbd2 e6 8. Be2 h6 9. Ne5 Nxe5 10. Bxe5 Nd7 11. Bg3 Bd6 12. Bxd6 Qxd6 13. Bf3 Nf6 14.
dxc5 Qxc5 15. O-O O-O 16. Re1 Ne4 17. Nxe4 Bxe4 18. Bxe4 dxe4 19. Qc2 f5 20. Rad1 Rfd8 21. Qb3 Qc6 22. h3 Rd3 23. Rxd3 exd3 24. Rd1 Rd8 25. c4 Qd7 26. Kf1 e5 27. c5+ Kh8 28.
Qc3 e4 29. f3 Qd5 30. f4 Rc8 31. Rc1 Rc6 32. a3 b6 33. b4 bxc5 34. bxc5 Qa2 35.
Kg1 Qe2 36. Re1 Rxc5 37. Qb4 Qc2 38. Qb8+ Kh7 39. Qb4 d2 40. Rf1 d1=Q 41. Rxd1 Qxd1+ 42. Kh2 Qd5 43. Qd4 Qxd4 44. exd4 Rd5 0-1

[Event "Late-Titled-Tuesday-Blitz-September-12-2023"]
[Site "Chess.com"]
[Date "2023.09.12"]
[Round "7"]
[White "RETURNOFTHELAGGER"]
[Black "Kosak12"]
[Result "0-1"]
[WhiteElo "2628"]
[BlackElo "2804"]
[TimeControl "180+1"]
[EndTime "15:13:57 PDT"]
[Termination "Kosak12 won by resignation"]

1. d4 Nf6 2. Nf3 b6 3. g3 Bb7 4. Bg2 e6 5. O-O c5 6. c4 cxd4 7. Qxd4 Be7 8. Nc3 O-O 9. Rd1 d6 10. b3 a6 11. Bb2 Nbd7 12. Rac1 Rc8 13. h3 h6 14. Kh2 Qc7 15. Bf1 Rfd8 16. Nd2 Nc5 17.
b4 Ncd7 18. a3 Bf8 19. f4 e5 20. Qf2 Re8 21. e3 Qb8 22. Bg2 exf4 23. exf4 b5 24. cxb5 axb5 25. Bxb7 Qxb7 26. Qg2 Qa6 27. Qf1 Nb6 28.
Qd3 Nc4 29. Nxc4 Rxc4 30. Ne2 Rce4 31. Nc3 Re3 32. Qd2 d5 33. Re1 d4 34. Rxe3 dxe3 35.
Qe2 h5 36. Qxb5 Qd6 37. Qe2 h4 38. Rd1 hxg3+ 39. Kxg3 Qc7 40. Nd5 Ne4+ 41. Kg2 Qc6 42. Qxe3 Qc2+ 43. Kf3 Qxd1+ 0-1

[Event "Late-Titled-Tuesday-Blitz-September-12-2023"]
[Site "Chess.com"]
[Date "2023.09.12"]
[Round "7"]
[White "checkmatequen"]
[Black "EnvigadoCity"]
[Result "0-1"]
[WhiteElo "2319"]
[BlackElo "2155"]
[TimeControl "180+1"]
[EndTime "15:13:58 PDT"]
[Termination "EnvigadoCity won by checkmate"]

1. Nf3 d5 2. b3 Bg4 3. Bb2 Bxf3 4.
exf3 e6 5. g3 h5 6. Bg2 h4 7.
O-O Nc6 8. g4 Qg5 9. d3 Bd6 10.
Bc1 Qe5 11. f4 Qxa1 12. Nd2 h3 13. Bf3 Bxf4 14. Qe2 Nd4 15. Qd1 Bxd2 16. Bxd2 Qxd1 17. Bxd1 O-O-O 18. c3 Nc6 19. f4 Nge7 20. Kf2 d4 21. c4 f5 22. Kg3 fxg4 23. Bxg4 Nf5+ 24. Kf3 Rde8 25. Re1 Kd7 26. b4 Nce7 27. Re4 Nh4+ 28. Kf2 Nef5 29. Bxh3 b6 30. Bg4 c5 31. b5 a6 32. a4 axb5 33. cxb5 Ra8 34. a5 bxa5 35. Re5 Kd6 36. Bc1 Rab8 37. Ba3 Rxb5 38. Bd1 Ng6 39. Re4 Rxh2+ 40. Kf3 Rb1 41. Be2 Ngh4+ 42. Kg4 Rg2+ 43. Kh5 Rh1 44. Bg4 Nf3+ 45. Kg6 Rxg4+ 46. Kf7 Rh6 47. Re2 g5 48. fxg5 Rxg5 49. Rf2 Rg7+ 50. Kf8 Rh8# 0-1

[Event "Late-Titled-Tuesday-Blitz-September-12-2023"]
[Site "Chess.com"]
[Date "2023.09.12"]
[Round "7"]
[White "The_Princess_Moon"]
[Black "MusicCityMaster"]
[Result "1-0"]
[WhiteElo "2285"]
[BlackElo "2360"]
[TimeControl "180+1"]
[EndTime "15:13:59 PDT"]
[Termination "The_Princess_Moon won on time"]

1. e4 e6 2. d4 d5 3. e5 c5 4. c3 Nc6 5. Nf3 Bd7 6. Be2 Nge7 7. O-O Nf5 8. dxc5 Bxc5 9. b4 Bb6 10. Bg5 f6 11. exf6 gxf6 12. Bf4 Rg8 13. Re1 Qe7 14. b5 Na5 15. Nd4 Nxd4 16. cxd4 Rc8 17. Bh5+ Kd8 18. Nd2 Bxd4 19. Rc1 Rxc1 20. Qxc1 e5 21. Nf3 Bb6 22. Bxe5 fxe5 23. Nxe5 Qc5 24. Qf4 Rf8 25. Nf7+ Rxf7 26. Bxf7 Nc4 27. Qb8+ Qc8 28. Qg3 Qc5 29. Rd1 d4 30. Qg8+ Kc7 31. Bxc4 h5 32. Qg3+ Kc8 33. Qg8+ Kc7 34. Bd3 h4 35. Qh8 h3 36. Qh4 Qd5 37.
Rc1+ Kd6 38. Qf6+ Be6 39. Qf4+ Ke7 40. Qh4+ Kd7 41. Be4 Qxa2 42. Qh7+ 1-0

[Event "Late-Titled-Tuesday-Blitz-September-12-2023"]
[Site "Chess.com"]
[Date "2023.09.12"]
[Round "7"]
[White "Arystanner"]
[Black "Beca95"]
[Result "0-1"]
[WhiteElo "2831"]
[BlackElo "2955"]
[TimeControl "180+1"]
[EndTime "15:14:00 PDT"]
[Termination "Beca95 won by resignation"]

1. e4 e5 2. Nf3 Nc6 3. Bb5 Bc5 4. O-O d6 5. d4 exd4 6. Nxd4 Ne7 7. Be3 Bxd4 8. Bxd4 O-O 9. Be3 f5 10. exf5 Nxf5 11.
Nc3 Nxe3 12. fxe3 Rxf1+ 13. Qxf1 Ne5 14. Bc4+ Kh8 15. Bb3 c6 16. Rd1 Qe7 17. Qf4 Bg4 18.
Rf1 Bh5 19. e4 Bg6 20. h3 h6 21. Ne2 Nd7 22. Ng3 Rf8 23. Nf5 Bxf5 24. exf5 Nc5 25. Qd4 Qf6 26. Qxf6 Rxf6 27. Bc4 d5 28. Be2 Kg8 29.
g4 Kf8 30. Kg2 Rf7 31. h4 Re7 32. Bf3 Ne4 33. Bxe4 Rxe4 34. Kf3 h5 35. Rg1 Kf7 36. b3 Kf6 37. a4 a5 38. gxh5 Rxh4 39. Rg6+ Kf7 40. Rd6 Rxh5 41. Kg4 Rh2 42. Rd7+ Kf6 43.
Rd6+ Ke5 44. Re6+ Kd4 45. Re7 Rxc2 46. Kf3 Rc3+ 47. Kf4 Rxb3 48. Rxg7 Rb1 49. f6 Rf1+ 50. Kg5 c5 51. Rxb7 c4 52. f7 c3 53. Kg6 c2 54.
Rc7 Kd3 55. Rc5 d4 56. Kg7 Kd2 0-1

[Event "Late-Titled-Tuesday-Blitz-September-12-2023"]
[Site "Chess.com"]
[Date "2023.09.12"]
[Round "7"]
[White "FeketeBarika"]
[Black "carloseduar100"]
[Result "0-1"]
[WhiteElo "2360"]
[BlackElo "2293"]
[TimeControl "180+1"]
[EndTime "15:14:01 PDT"]
[Termination "carloseduar100 won by resignation"]

1. Nf3 Nf6 2. c4 g6 3. g3 Bg7 4. Bg2 O-O 5. Nc3 d6 6. O-O Nbd7 7. d3 e5 8. Rb1 a6 9. b4 c6 10. a4 Re8 11. Qb3 Qc7 12. Ba3 h6 13. b5 axb5 14. axb5 c5 15. b6 Qxb6 16. Qxb6 Nxb6 17. Rxb6 Rxa3 18.
Nb5 Ra2 19. Nxd6 Rxe2 20. Nxe8 Nxe8 21. Ne1 Nc7 22. Bxb7 Bxb7 23. Rxb7 Ne6 24. Rb8+ Kh7 25. Rc8 h5 26. h3 g5 27. Kg2 h4 28. Nf3 hxg3 29. Kxg3 Kg6 30. h4 gxh4+ 31. Nxh4+ Kf6 32. Nf3 Bh6 33. Rh1 Bf4+ 34. Kg2 Be3 35. Rf1 Bh6 36. Kg3 Bf4+ 37. Kg4 Rc2 38. Rc6 Rc3 39. Rd1 Rc2 40.
d4 cxd4 41. c5 Rxf2 42. Rc8 Rg2+ 43. Kh4 Rf2 44. Ng1 e4 45. c6 d3 46. Nh3 Rh2 47. Kg4 Be5 48. Rf1+ Ke7 49. Kf5 Bd6 50.
Nf2 Rxf2+ 51. Rxf2 e3 52. Rg2 d2 53. c7 Bxc7 54. Rg1 e2 0-1

[Event "Late-Titled-Tuesday-Blitz-September-12-2023"]
[Site "Chess.com"]
[Date "2023.09.12"]
[Round "7"]
[White "Rutricks"]
[Black "andrzej"]
[Result "1-0"]
[WhiteElo "2694"]
[BlackElo "2437"]
[TimeControl "180+1"]
[EndTime "15:14:02 PDT"]
[Termination "Rutricks won on time"]

1. Nf3 d5 2. b3 c5 3. Bb2 Nf6 4.
e3 g6 5. Bb5+ Nbd7 6. c4 dxc4 7.
Bxc4 Bg7 8. O-O O-O 9. Nc3 a6 10. Rc1 b5 11. Be2 Bb7 12. d4 cxd4 13. Nxd4 Qb6 14.
Bf3 Rac8 15. Ba3 Rxc3 16. Rxc3 b4 17. Bxb4 Qxb4 18. Rc7 Bxf3 19. Qxf3 Ne5 20. Qe2 Nd5 21. Rc2 h5 22. h3 a5 23. f4 Nd7 24.
Nc6 Qd6 25. Rd1 e6 26. e4 Nxf4 27. Rxd6 Nxe2+ 28. Rxe2 Nc5 29. Nxa5 Be5 30. Rd1 h4 31.
Nc4 Bg3 32. b4 Na4 33. Rc2 Rc8 34. b5 Nb6 35. Rdc1 Nd7 36. b6 Bf4 37. Rb1 Rb8 38. a4 Nc5 39. a5 Nxe4 40. a6 Bg3 41. a7 Ra8 42. Ra2 1-0

[Event "Late-Titled-Tuesday-Blitz-September-12-2023"]
[Site "Chess.com"]
[Date "2023.09.12"]
[Round "7"]
[White "K_A_S_T_O_R"]
[Black "Mackster23"]
[Result "1-0"]
[WhiteElo "2931"]
[BlackElo "2546"]
[TimeControl "180+1"]
[EndTime "15:14:02 PDT"]
[Termination "K_A_S_T_O_R won by resignation"]

1. e4 e6 2. d4 d5 3. Nc3 Bb4 4. e5 c5 5. Bd2 Nh6 6. Nb5 Bxd2+ 7. Qxd2 O-O 8. c3 f6 9. f4 a6 10. Nd6 Nc6 11. Nf3 cxd4 12. cxd4 fxe5 13. dxe5 Ng4 14. h3 Ngxe5 15. fxe5 Rxf3 16. gxf3 Nxe5 17. Qb4 a5 18. Qa3 Qh4+ 19. Ke2 Bd7 20. Qe3 Qh5 21. Bg2 Ra6 22.
Qa3 Qg6 23. Kf1 Qc2 24. Qe3 Qxb2 25. Re1 Ng6 26. h4 Rxd6 27. h5 Nf8 28. h6 g6 29. Qe5 Qxe5 30. Rxe5 Bb5+ 31. Kf2 Nd7 32. Ree1 e5 33. Bh3 d4 34. Bxd7 Bxd7 35. Rxe5 b6 36. Re7 Bf5 37. Rg7+ Kf8 38. Rc1 d3 39. Ke3 Re6+ 40.
Kf4 d2 41. Rd1 Rd6 42. Ke3 Rd3+ 43. Ke2 Rd6 44. Rxd2 Re6+ 45. Kf2 Re7 46. Rd8+ Re8 47. Rxe8+ Kxe8 48. Rxh7 1-0

[Event "Late-Titled-Tuesday-Blitz-September-12-2023"]
[Site "Chess.com"]
[Date "2023.09.12"]
[Round "7"]
[White "kuli4ik"]
[Black "Jospem"]
[Result "1/2-1/2"]
[WhiteElo "2952"]
[BlackElo "3095"]
[TimeControl "180+1"]
[EndTime "15:14:03 PDT"]
[Termination "Game drawn by repetition"]

1. Nf3 c5 2. e3 Nf6 3. d4 g6 4. d5 d6 5. Nc3 Bg4 6. h3 Bxf3 7. Qxf3 a6 8. a4 Nbd7 9. Be2 Rc8 10. O-O Bg7 11. e4 O-O 12. Qg3 c4 13. Be3 b5 14.
f3 b4 15. Nd1 Qc7 16. a5 e6 17.
dxe6 fxe6 18. Qe1 Qb7 19. Ra4 d5 20. Rxb4 Qc7 21. exd5 exd5 22. Bd4 Rce8 23. Qf2 Ne4 24. fxe4 Rxf2 25. Bxf2 Nf6 26. Nc3 Qe7 27. Rb6 Qe5 28.
exd5 Rc8 29. d6 Qxa5 30. Rd1 Nd7 31. Rb7 Rd8 32. Bxc4+ Kh8 33. Bb3 Qh5 34. Re1 Qf5 35. Re7 Rf8 36. Nd1 Qh5 37. Rbxd7 Qxd1+ 38. Kh2 Rxf2 39.
Rxg7 Rxg2+ 40. Kxg2 Qe2+ 41. Kg3 Qe3+ 42. Kg2 Qe2+ 43. Kg1 Qe1+ 44. Kg2 Qe2+ 1/2-1/2

[Event "Late-Titled-Tuesday-Blitz-September-12-2023"]
[Site "Chess.com"]
[Date "2023.09.12"]
[Round "7"]
[White "Mikhail_Golubev"]
[Black "KaydenTroffChess"]
[Result "0-1"]
[WhiteElo "2593"]
[BlackElo "2742"]
[TimeControl "180+1"]
[EndTime "15:14:04 PDT"]
[Termination "KaydenTroffChess won on time"]

1. e4 c5 2. Nf3 g6 3. d4 cxd4 4. Nxd4 Bg7 5. Nc3 Nc6 6. Be3 Nf6 7. Nxc6 bxc6 8. e5 Ng8 9. Bd4 c5 10. Bxc5 Qc7 11. Bd4 Bxe5 12. Nd5 Qa5+ 13. Bc3 Bxc3+ 14.
Nxc3 Rb8 15. Qd4 Nf6 16. O-O-O O-O 17. Bc4 d6 18. Rhe1 Ng4 19. Bb3 Ne5 20. Nd5 Rb7 21. f4 Nc6 22. Qc4 Qc5 23. Qxc5 dxc5 24. Re3 Be6 25.
Rc3 Nd4 26. Rxc5 Nf5 27. g4 Nd6 28. h3 Ne4 29. Ra5 Nf2 30. Re1 Nxh3 31. f5 gxf5 32. gxf5 Bxd5 33. Bxd5 Rc7 34. c3 Nf4 35. Bb3 Nd3+ 36. Kd2 Nxe1 37. Kxe1 Kg7 38. Ke2 Rd8 39. Ke3 Kf6 40. Ra6+ Rd6 41. Ra5 h5 42. a3 Rb6 43.
Bd5 Rxb2 44. Bf3 Rxc3+ 45. Kf4 Rf2 46. Ra6+ Kg7 0-1